 Dungeon Crawl Stone Soup version 0.26.1-11-gd32895ea62 (webtiles) character file.

Game seed: 1062614193576930548

173 Zeld the Slasher (level 5, -2/38 HPs)
             Began as a Human Gladiator on June 4, 2021.
             Slain by a crimson imp
             ... wielding a +4 dagger of chaos
              (3 damage)
             ... on level 3 of the Dungeon.
             The game lasted 00:02:45 (3695 turns).

Zeld the Slasher (Human Gladiator)                  Turns: 3695, Time: 00:02:45

Health: -2/38      AC:  4    Str: 16    XL:     5   Next: 83%
Magic:  5/5        EV: 13    Int:  8    God:
Gold:   192        SH:  0    Dex: 14    Spells: 4/4 levels left

rFire    . . .     SeeInvis .   a - +0 long sword
rCold    . . .     Faith    .   (no shield)
rNeg     . . .     Spirit   .   b - +0 leather armour
rPois    .         Reflect  .   c - +0 helmet
rElec    .         Harm     .   (no cloak)
rCorr    .         Rampage  .   (no gloves)
Will     .....                  (no boots)
Stlth    +.........             (no amulet)
HPRegen  0.12/turn              (no ring)
MPRegen  0.09/turn              (no ring)

@: mighty, lethally poisoned (-2 -> -5), very slightly contaminated, slowed,
very slow
A: no striking features
a: no special abilities


You were on level 3 of the Dungeon.
You visited 1 branch of the dungeon, and saw 3 of its levels.

You collected 192 gold pieces.

Inventory:

Hand Weapons
 a - a +0 long sword (weapon)
Missiles
 d - 3 throwing nets
 e - 17 poisoned darts (quivered)
Armour
 b - a +0 leather armour (worn)
 c - a +0 helmet (worn)
Jewellery
 i - a cursed ring of magical power {unknown}
 o - an uncursed amulet of regeneration {unknown}
Scrolls
 f - 2 scrolls of teleportation {unknown}
 h - 2 scrolls of remove curse {unknown}
 j - 2 scrolls of blinking {unknown}
 k - 2 scrolls of noise {unknown}
 l - a scroll of amnesia {unknown}
 n - a scroll of magic mapping {unknown}
 p - a scroll of random uselessness {unknown}
 q - a scroll of identify {unknown}
Potions
 g - a potion of degeneration {unknown}
 m - a potion of cancellation {unknown}
 s - a potion of lignification {unknown}


   Skills:
 - Level 2.0 Fighting
 * Level 6.0 Long Blades
 - Level 2.0 Throwing
 - Level 3.0 Dodging


You had 4 spell levels left.
You didn't know any spells.
Your spell library was empty.

Dungeon Overview and Level Annotations

Branches:
Dungeon (3/15)

Altars:
Trog
Xom

Annotations:
D:2 Grinder


Message History

The crimson imp is lightly wounded.
You flicker for a moment.
* * * LOW HITPOINT WARNING * * *
You feel sick.
The crimson imp hits you with a +4 dagger of chaos.
* * * LOW HITPOINT WARNING * * *
The crimson imp draws strength from your wounds!
Unknown command.
* * * LOW HITPOINT WARNING * * *
You feel sick. The crimson imp closely misses you.
* * * LOW HITPOINT WARNING * * *
You feel sick.
You flicker back into view.
* * * LOW HITPOINT WARNING * * *
You feel sick. The crimson imp misses you.
Unknown command.
* * * LOW HITPOINT WARNING * * *
You feel sick.
The crimson imp hits you with a +4 dagger of chaos.
You die...

##.##.# #..###### #....#
#.......# #..###
##.####.# #..# #.# #.#
#..## #.# #.# #...# #.#
#.# ###.#.######.####.#
#...5.............#
#.#.#@..####.######
######## #.......# #.#
.......# ###.#.#.## #.#
.......#######.#.#..# #.#
......['...5...#.##.###.#
######
......(#########.##..##.#
#..... .......#
#.###.##.# #.###.
.......# #.# #..#.# #.#
#. .......# ###.# ##.#.#
#.# #.


You could see a crimson imp.

Vanquished Creatures
  A bullfrog (D:3)
  A crimson imp (D:3)
  2 adders
  2 worms (D:2)
  2 dart slugs (D:1)
  3 leopard geckos
  9 bats
  2 giant cockroaches
  4 goblins
  6 hobgoblins
  4 jackals (D:3)
  3 kobolds
  2 ball pythons
  3 rats
44 creatures vanquished.

Notes
Turn   | Place    | Note
-------+----------+-------------------------------------------
     0 | D:1      | Zeld the Human Gladiator began the quest for the Orb.
     0 | D:1      | Reached XP level 1. HP: 16/16 MP: 1/1
    72 | D:1      | Reached XP level 2. HP: 22/22 MP: 2/2
   364 | D:1      | Reached skill level 4 in Long Blades
   364 | D:1      | Reached XP level 3. HP: 27/27 MP: 3/3
  1029 | D:2      | Reached XP level 4. HP: 32/33 MP: 4/4
  1455 | D:3      | Noticed a bullfrog
  1466 | D:3      | Killed a bullfrog
  1467 | D:3      | Reached skill level 5 in Long Blades
  1467 | D:3      | Reached XP level 5. HP: 6/38 MP: 5/5
  2146 | D:3      | Noticed Grinder
  2175 | D:3      | Paralysed by Grinder for 6 turns
  2595 | D:2      | Paralysed by Grinder for 7 turns
  3232 | D:3      | Found a shimmering altar of Xom.
  3265 | D:3      | Reached skill level 6 in Long Blades
  3495 | D:3      | Found a bloodstained altar of Trog.
  3695 | D:3      | HP: 1/38 [poisoned by a crimson imp]
  3695 | D:3      | Slain by a crimson imp

Illustrated notes

Levels and vault maps discovered:
D:1:      minmay_arrival_arboretum_small, layout_basic, minivault_14
D:2:      layout_rooms, nicolae_underground_beach
D:3:      layout_basic, led_xom_imps, bloody_trog, uniq_grinder

Skill      XL: |  1  2  3  4  5 |
---------------+----------------+-----
Long Blades    | 4 5 6 |  6.0
Fighting       | |  2.0
Throwing       | |  2.0
Dodging        | |  3.0

Action                   |  1- 3 |  4- 6 || total
-------------------------+-------+-------++-------
Melee: Long sword        |    69 |    87 ||   156
 Stab: Sleeping          |     1 |       ||     1
Armor: Leather armour    |    22 |    28 ||    50
Dodge: Dodged            |    59 |    70 ||   129
       Rpst.: Long sword |    25 |    22 ||    47
